Workbook

Sheet Cover
C9: SANPARKS POLICY UNIVERSE
C10: Policy Coordination and Compliance Unit

Sheet Human Resource Board
A1: ACSA POLICIES AND PROCEDURES 2014
A2: Human Resource Board
B4: Document | C4: Document Title | D4: Status | E4: Comment
A5: POLICIES
B6: H060P | C6: Board Members of Third Party Compliance | D6: Awaiting Signature November 2015
A8: PROCEDURES
A11: WORKING INSTRUCTIONS

Sheet Report
A1: SANPARKS POLICY UNIVERSE | F1: POLICY INSTRUMENT TYPES
A2: Department/Unit | B2: Up-to-date | C2: Outdated | D2: Total | F2: Strategy | G2: Policy | H2: Framework | I2: Corp SOP | J2: Manual
A4: Office of the CEO | B4: ='Office of the CEO'!C9 -> 1 | C4: ='Office of the CEO'!C8 -> 0 | D4: =SUM(B4:C4) -> 1 | F4: ='Office of the CEO'!C10 -> 0 | G4: ='Office of the CEO'!C11 -> 1 | H4: ='Office of the CEO'!C12 -> 0 | I4: ='Office of the CEO'!C13 -> 0 | J4: ='Office of the CEO'!C14 -> 0
A5: Human Capital Management | B5: =HCM!C42 -> 29 | C5: =HCM!C41 -> 7 | D5: =SUM(B5:C5) -> 36 | F5: =HCM!C43 -> 1 | G5: =HCM!C44 -> 22 | H5: =HCM!C45 -> 2 | I5: =HCM!C46 -> 11 | J5: =HCM!C47 -> 0
A6: Area Integrity Management | B6: ='Area Int. Mangt.'!C14 -> 4 | C6: ='Area Int. Mangt.'!C13 -> 2 | D6: =SUM(B6:C6) -> 6 | F6: ='Area Int. Mangt.'!C15 -> 1 | G6: ='Area Int. Mangt.'!C16 -> 3 | H6: ='Area Int. Mangt.'!C17 -> 0 | I6: ='Area Int. Mangt.'!C18 -> 2 | J6: ='Area Int. Mangt.'!C19 -> 0
A7: Parks and KNP | B7: ='Parks&KNP'!C11 -> 3 | C7: ='Parks&KNP'!C10 -> 2 | D7: =SUM(B7:C7) -> 5 | F7: ='Parks&KNP'!C12 -> 1 | G7: ='Parks&KNP'!C13 -> 2 | H7: ='Parks&KNP'!C14 -> 0 | I7: ='Parks&KNP'!C15 -> 2 | J7: ='Parks&KNP'!C16 -> 0
A8: Continuous Improvement | B8: ='Cont. Imprv'!C10 -> 1 | C8: ='Cont. Imprv'!C9 -> 0 | D8: =SUM(B8:C8) -> 1 | F8: ='Cont. Imprv'!C11 -> 1 | G8: ='Cont. Imprv'!C12 -> 0 | H8: ='Cont. Imprv'!C13 -> 0 | I8: ='Cont. Imprv'!C14 -> 0 | J8: ='Cont. Imprv'!C15 -> 0
A9: Corporate Communications | B9: =Comms!C18 -> 4 | C9: =Comms!C17 -> 4 | D9: =SUM(B9:C9) -> 8 | F9: =Comms!C19 -> 0 | G9: =Comms!C20 -> 2 | H9: =Comms!C21 -> 0 | I9: =Comms!C22 -> 5 | J9: =Comms!C23 -> 0
A10: Cultural Heritage Mangement | B10: ='Cult Herit Mangt.'!C12 -> 3 | C10: ='Cult Herit Mangt.'!C11 -> 1 | D10: =SUM(B10:C10) -> 4 | F10: ='Cult Herit Mangt.'!C13 -> 1 | G10: ='Cult Herit Mangt.'!C14 -> 2 | H10: ='Cult Herit Mangt.'!C15 -> 0 | I10: ='Cult Herit Mangt.'!C16 -> 1 | J10: ='Cult Herit Mangt.'!C17 -> 0
A11: Finance | B11: =Finance!C16 -> 6 | C11: =Finance!C15 -> 2 | D11: =SUM(B11:C11) -> 8 | F11: =Finance!C17 -> 0 | G11: =Finance!C18 -> 3 | H11: =Finance!C19 -> 0 | I11: =Finance!C20 -> 5 | J11: =Finance!C21 -> 0
A12: Infrastructure & Special Projects | B12: ='Infra & Special Proj.'!C10 -> 1 | C12: ='Infra & Special Proj.'!C9 -> 0 | D12: =SUM(B12:C12) -> 1 | F12: ='Infra & Special Proj.'!C11 -> 1 | G12: ='Infra & Special Proj.'!C12 -> 0 | H12: ='Infra & Special Proj.'!C13 -> 0 | I12: ='Infra & Special Proj.'!C14 -> 0 | J12: ='Infra & Special Proj.'!C15 -> 0
A13: ICT | B13: =ICT!C19 -> 9 | C13: =ICT!C18 -> 4 | D13: =SUM(B13:C13) -> 13 | F13: =ICT!C20 -> 1 | G13: =ICT!C21 -> 4 | H13: =ICT!C22 -> 0 | I13: =ICT!C23 -> 8 | J13: =ICT!C24 -> 0
A14: Legal | B14: =Legal!C17 -> 5 | C14: =Legal!C16 -> 0 | D14: =SUM(B14:C14) -> 5 | F14: =Legal!C18 -> 0 | G14: =Legal!C19 -> 2 | H14: =Legal!C20 -> 0 | I14: =Legal!C21 -> 2 | J14: =Legal!C22 -> 1
A15: Park Planning & Development | B15: ='Park Pl & Dev.'!C11 -> 4 | C15: ='Park Pl & Dev.'!C10 -> 0 | D15: =SUM(B15:C15) -> 4 | F15: ='Park Pl & Dev.'!C12 -> 0 | G15: ='Park Pl & Dev.'!C13 -> 1 | H15: ='Park Pl & Dev.'!C14 -> 1 | I15: ='Park Pl & Dev.'!C15 -> 2 | J15: ='Park Pl & Dev.'!C16 -> 0
A16: Policy Govovernance | B16: ='Policy Gov.'!C12 -> 2 | C16: ='Policy Gov.'!C11 -> 0 | D16: =SUM(B16:C16) -> 2 | F16: ='Policy Gov.'!C13 -> 0 | G16: ='Policy Gov.'!C14 -> 1 | H16: ='Policy Gov.'!C15 -> 0 | I16: ='Policy Gov.'!C16 -> 1 | J16: ='Policy Gov.'!C17 -> 0
A17: Resource Mobilisation | B17: ='Resource Mob'!C11 -> 3 | C17: ='Resource Mob'!C10 -> 0 | D17: =SUM(B17:C17) -> 3 | F17: ='Resource Mob'!C12 -> 1 | G17: ='Resource Mob'!C13 -> 1 | H17: ='Resource Mob'!C14 -> 0 | I17: ='Resource Mob'!C15 -> 1 | J17: ='Resource Mob'!C16 -> 0
A18: Risk Mangement | B18: ='Risk Mangt.'!C22 -> 12 | C18: ='Risk Mangt.'!C21 -> 3 | D18: =SUM(B18:C18) -> 15 | F18: ='Risk Mangt.'!C23 -> 4 | G18: ='Risk Mangt.'!C24 -> 6 | H18: ='Risk Mangt.'!C25 -> 2 | I18: ='Risk Mangt.'!C26 -> 1 | J18: ='Risk Mangt.'!C27 -> 0
A19: Research & Development | B19: ='Research & Dev'!C20 -> 10 | C19: ='Research & Dev'!C19 -> 3 | D19: =SUM(B19:C19) -> 13 | F19: ='Research & Dev'!C21 -> 3 | G19: ='Research & Dev'!C22 -> 2 | H19: ='Research & Dev'!C23 -> 1 | I19: ='Research & Dev'!C24 -> 7 | J19: ='Research & Dev'!C25 -> 0
A20: Supply Chain Management | B20: =SCM!C11 -> 2 | C20: =SCM!C10 -> 0 | D20: =SUM(B20:C20) -> 2 | F20: =SCM!C12 -> 0 | G20: =SCM!C13 -> 1 | H20: =SCM!C14 -> 0 | I20: =SCM!C15 -> 1 | J20: =SCM!C16 -> 0
A21: Socio-Economic Transformation | B21: ='Socio-E Trans.'!C10 -> 2 | C21: ='Socio-E Trans.'!C9 -> 1 | D21: =SUM(B21:C21) -> 3 | F21: ='Socio-E Trans.'!C11 -> 1 | G21: ='Socio-E Trans.'!C12 -> 1 | H21: ='Socio-E Trans.'!C13 -> 0 | I21: ='Socio-E Trans.'!C14 -> 1 | J21: ='Socio-E Trans.'!C15 -> 0
A22: Tourism and Marketing | B22: ='Tourism&Market.'!C21 -> 12 | C22: ='Tourism&Market.'!C20 -> 3 | D22: =SUM(B22:C22) -> 15 | F22: ='Tourism&Market.'!C22 -> 0 | G22: ='Tourism&Market.'!C23 -> 1 | H22: ='Tourism&Market.'!C24 -> 1 | I22: ='Tourism&Market.'!C25 -> 12 | J22: ='Tourism&Market.'!C26 -> 1
A23: Veterinary and Wildlife Services | B23: ='V W Services'!C12 -> 4 | C23: ='V W Services'!C11 -> 2 | D23: =SUM(B23:C23) -> 6 | F23: ='V W Services'!C13 -> 1 | G23: ='V W Services'!C14 -> 1 | H23: ='V W Services'!C15 -> 1 | I23: ='V W Services'!C16 -> 3 | J23: ='V W Services'!C17 -> 0
A24: Visitor Services | B24: ='Visitor Services'!C11 -> 3 | C24: ='Visitor Services'!C10 -> 0 | D24: =SUM(B24:C24) -> 3 | F24: ='Visitor Services'!C12 -> 0 | G24: ='Visitor Services'!C13 -> 0 | H24: ='Visitor Services'!C14 -> 0 | I24: ='Visitor Services'!C15 -> 3 | J24: ='Visitor Services'!C16 -> 0
A25: Internal Audit | B25: ='Internal Audit'!C10 -> 2 | C25: ='Internal Audit'!C9 -> 0 | D25: =SUM(B25:C25) -> 2 | F25: ='Internal Audit'!C11 -> 0 | G25: ='Internal Audit'!C12 -> 0 | H25: ='Internal Audit'!C13 -> 0 | I25: ='Internal Audit'!C14 -> 2 | J25: ='Internal Audit'!C15 -> 0
A26: CSD | B26: =CSD!C15 -> 3 | C26: =CSD!C14 -> 0 | D26: =SUM(B26:C26) -> 3 | F26: =CSD!C16 -> 1 | G26: =CSD!C17 -> 0 | H26: =CSD!C18 -> 0 | I26: =CSD!C19 -> 2 | J26: =CSD!C20 -> 0
A27: Total | B27: =SUM(B4:B26) -> 125 | C27: =SUM(C4:C26) -> 34 | D27: =SUM(D4:D26) -> 159 | F27: =SUM(F4:F25) -> 17 | G27: =SUM(G4:G25) -> 56 | H27: =SUM(H4:H25) -> 8 | I27: =SUM(I4:I25) -> 70 | J27: =SUM(J4:J25) -> 2

Sheet Office of the CEO
A1: # | B1: Document | C1: Document Title | D1: Status | E1: Annual Schedule | F1: Effective Date | G1: Due Date | H1: Days left to expiration
A3: INTERNAL AUDIT
A4: 1 | B4: Policy | C4: SANParks Delegation of Authority Policy | D4: =IF(H4<=0,"Outdated","Up-to-date") -> Up-to-date | F4: 45439 | G4: =F4+1825 -> 47264 | H4: =G4-TODAY() -> 1454
B8: Outdated | C8: =COUNTIF(D4:D6, "*Outdated*") -> 0
B9: Up-to-date | C9: =COUNTIF(D4:D6, "*Up-to-date*") -> 1
B10: Strategy | C10: =COUNTIF(B4:B6, "*Strategy*") -> 0
B11: Policy | C11: =COUNTIF(B4:B6, "*Policy*") -> 1
B12: Framework | C12: =COUNTIF(B4:B6, "*Framework*") -> 0
B13: Corporate SOP | C13: =COUNTIF(B4:B6, "*Corporate SOP*") -> 0
B14: Manual | C14: =COUNTIF(B4:B6, "*Manual*") -> 0

Sheet HCM
A1: # | B1: Document | C1: Document Title | D1: Status | E1: Annual Schedule | F1: Effective Date | G1: Due Date | H1: Days left to expiration
A3: HUMAN CAPITAL MANAGEMENT
A4: 1 | B4: Policy | C4: Employee Attraction and Retention Policy | D4: =IF(H4<=0,"Outdated","Up-to-date") -> Outdated | F4: 42499 | G4: =F4+1825 -> 44324 | H4: =G4-TODAY() -> -1486
A5: 2 | B5: Policy | C5: Retrenchment and Redundancy Policy | D5: =IF(H5<=0,"Outdated","Up-to-date") -> Outdated | F5: 42975 | G5: =F5+1825 -> 44800 | H5: =G5-TODAY() -> -1010
A6: 3 | B6: Corporate SOP | C6: Employees Induction SOP | D6: =IF(H6<=0,"Outdated","Up-to-date") -> Outdated | F6: 43010 | G6: =F6+1825 -> 44835 | H6: =G6-TODAY() -> -975
A7: 4 | B7: Policy | C7: Job Evaluation Policy | D7: =IF(H7<=0,"Outdated","Up-to-date") -> Outdated | F7: 43416 | G7: =F7+1825 -> 45241 | H7: =G7-TODAY() -> -569
A8: 5 | B8: Corporate SOP | C8: Tool of Trade Motor Vehicle Scheme | D8: =IF(H8<=0,"Outdated","Up-to-date") -> Outdated | F8: 43497 | G8: =F8+1825 -> 45322 | H8: =G8-TODAY() -> -488
A9: 6 | B9: Policy | C9: Learning and Development Policy | D9: =IF(H9<=0,"Outdated","Up-to-date") -> Up-to-date | F9: 45762 | G9: =F9+1825 -> 47587 | H9: =G9-TODAY() -> 1777
A10: 7 | B10: Policy | C10: Bereavement Policy | D10: =IF(H10<=0,"Outdated","Up-to-date") -> Up-to-date | F10: 44705 | G10: =F10+1825 -> 46530 | H10: =G10-TODAY() -> 720
A11: 8 | B11: Policy | C11: Employee Transport Policy | D11: =IF(H11<=0,"Outdated","Up-to-date") -> Up-to-date | F11: 44706 | G11: =F11+1825 -> 46531 | H11: =G11-TODAY() -> 721
A12: 9 | B12: Policy | C12: Leave Policy | D12: =IF(H12<=0,"Outdated","Up-to-date") -> Up-to-date | F12: 44705 | G12: =F12+1825 -> 46530 | H12: =G12-TODAY() -> 720
A13: 10 | B13: Policy | C13: Revised Housing Policy | D13: =IF(H13<=0,"Outdated","Up-to-date") -> Up-to-date | F13: 44705 | G13: =F13+1825 -> 46530 | H13: =G13-TODAY() -> 720
A14: 11 | B14: Corporate SOP | C14: Staff Holiday Fringe Benefit SOP | D14: =IF(H14<=0,"Outdated","Up-to-date") -> Up-to-date | F14: 44706 | G14: =F14+1825 -> 46531 | H14: =G14-TODAY() -> 721
A15: 12 | B15: Policy | C15: Performance Management Policy | D15: =IF(H15<=0,"Outdated","Up-to-date") -> Up-to-date | F15: 44705 | G15: =F15+1825 -> 46530 | H15: =G15-TODAY() -> 720
... A39: 36 | B39: Framework | C39: Talent Mangement Framework | D39: =IF(H39<=0,"Outdated","Up-to-date") -> Up-to-date | F39: 45728 | G39: =F39+1825 -> 47553 | H39: =G39-TODAY() -> 1743
B41: Outdated | C41: =COUNTIF(D4:D39, "*Outdated*") -> 7
B42: Up-to-date | C42: =COUNTIF(D4:D39, "*Up-to-date*") -> 29
B43: Strategy | C43: =COUNTIF(B4:B39, "*Strategy*") -> 1
B44: Policy | C44: =COUNTIF(B4:B39, "*Policy*") -> 22
B45: Framework | C45: =COUNTIF(B4:B39, "*Framework*") -> 2
B46: Corporate SOP | C46: =COUNTIF(B4:B39, "*Corporate SOP*") -> 11
B47: Manual | C47: =COUNTIF(B4:B39, "*Manual*") -> 0

Sheet Area Int. Mangt.
B1: STRATEGY, FRAMEWORK, POLICY & PROCEDURE UNIVERSE
A2: # | B2: Document | C2: Document Title | D2: Status | E2: Annual Schedule | F2: Effective Date | G2: Due Date | H2: Days left to expiration
A4: CSD AREA INTEGRITY MANAGEMENT
A5: 1 | B5: Strategy | C5: Safety and Security Strategy | D5: =IF(H5<=0,"Outdated","Up-to-date") -> Outdated | F5: 43104 | G5: =F5+1825 -> 44929 | H5: =G5-TODAY() -> -881
A6: 2 | B6: Policy | C6: Firearm Management Policy | D6: =IF(H6<=0,"Outdated","Up-to-date") -> Up-to-date | F6: 44903 | G6: =F6+1825 -> 46728 | H6: =G6-TODAY() -> 918
A7: 3 | B7: Policy | C7: Polygraph Testing Policy | D7: =IF(H7<=0,"Outdated","Up-to-date") -> Up-to-date | F7: 45747 | G7: =F7+1825 -> 47572 | H7: =G7-TODAY() -> 1762
A8: 4 | B8: Corporate SOP | C8: Polygraph Testing SOP | D8: =IF(H8<=0,"Outdated","Up-to-date") -> Up-to-date | F8: 45252 | G8: =F8+1825 -> 47077 | H8: =G8-TODAY() -> 1267
A9: 5 | B9: Corporate SOP | C9: Firearm Management SOP | D9: =IF(H9<=0,"Outdated","Up-to-date") -> Up-to-date | F9: 45260 | G9: =F9+1825 -> 47085 | H9: =G9-TODAY() -> 1275
A10: 6 | B10: Policy | C10: Integrated Information Security Management Policy | D10: =IF(H10<=0,"Outdated","Up-to-date") -> Outdated | F10: 43241 | G10: =F10+1825 -> 45066 | H10: =G10-TODAY() -> -744
B13: Outdated | C13: =COUNTIF(D5:D12, "*Outdated*") -> 2
B14: Up-to-date | C14: =COUNTIF(D5:D12, "*Up-to-date*") -> 4
B15: Strategy | C15: =COUNTIF(B5:B12, "*Strategy*") -> 1
B16: Policy | C16: =COUNTIF(B5:B12, "*Policy*") -> 3
B17: Framework | C17: =COUNTIF(B5:B12, "*Framework*") -> 0
B18: Corporate SOP | C18: =COUNTIF(B5:B12, "*Corporate SOP*") -> 2
B19: Manual | C19: =COUNTIF(B5:B12, "*Manual*") -> 0

Sheet Parks&KNP
A1: # | B1: Document | C1: Document Title | D1: Status | E1: Annual Schedule | F1: Effective Date | G1: Due Date | H1: Days left to expiration
A3: PARKS AND KNP
A4: 1 | B4: Policy | C4: Alien and Invasive Species Management Policy | D4: =IF(H4<=0,"Outdated","Up-to-date") -> Up-to-date | F4: 45544 | G4: =F4+1825 -> 47369 | H4: =G4-TODAY() -> 1559
A5: 2 | B5: Corporate SOP | C5: Management and Safe Guarding of Ivory and Rhino Horn SOP | D5: =IF(H5<=0,"Outdated","Up-to-date") -> Up-to-date | F5: 45726 | G5: =F5+1825 -> 47551 | H5: =G5-TODAY() -> 1741
A6: 3 | B6: Corporate SOP | C6: Assessment of the Impementation of Management Plans SOP | D6: =IF(H6<=0,"Outdated","Up-to-date") -> Up-to-date | F6: 45156 | G6: =F6+1825 -> 46981 | H6: =G6-TODAY() -> 1171
A7: 4 | B7: Strategy | C7: SANParks Air-Wing Strategy | D7: =IF(H7<=0,"Outdated","Up-to-date") -> Outdated | F7: 43766 | G7: =F7+1825 -> 45591 | H7: =G7-TODAY() -> -219
A8: 5 | B8: Policy | C8: Use of remotely piloted aircraft systems in areas managed by SANParks Policy | D8: =IF(H8<=0,"Outdated","Up-to-date") -> Outdated | F8: 42818 | G8: =F8+1825 -> 44643 | H8: =G8-TODAY() -> -1167
B10: Outdated | C10: =COUNTIF(D4:D8, "*Outdated*") -> 2
B11: Up-to-date | C11: =COUNTIF(D4:D8, "*Up-to-date*") -> 3
B12: Strategy | C12: =COUNTIF(B4:B8, "*Strategy*") -> 1
B13: Policy | C13: =COUNTIF(B4:B8, "*Policy*") -> 2
B14: Framework | C14: =COUNTIF(B4:B8, "*Framework*") -> 0
B15: Corporate SOP | C15: =COUNTIF(B4:B8, "*Corporate SOP*") -> 2
B16: Manual | C16: =COUNTIF(B4:B8, "*Manual*") -> 0

Sheet Cont. Imprv
A1: # | B1: Document | C1: Document Title | D1: Status | E1: Annual Schedule | F1: Effective Date | G1: Due Date | H1: Days left to expiration
A3: CONTINUOUS IMPROVEMENT
A4: 1 | B4: Strategy | C4: Transformation Integrated Strategy and Charter | D4: =IF(H4<=0,"Outdated","Up-to-date") -> Up-to-date | F4: 44607 | G4: =F4+1825 -> 46432 | H4: =G4-TODAY() -> 622
B9: Outdated | C9: =COUNTIF(D4:D7, "*Outdated*") -> 0
B10: Up-to-date | C10: =COUNTIF(D4:D7, "*Up-to-date*") -> 1
B11: Strategy | C11: =COUNTIF(B4:B7, "*Strategy*") -> 1
B12: Policy | C12: =COUNTIF(B4:B7, "*Policy*") -> 0
B13: Framework | C13: =COUNTIF(B4:B7, "*Framework*") -> 0
B14: Corporate SOP | C14: =COUNTIF(B4:B7, "*Corporate SOP*") -> 0
B15: Manual | C15: =COUNTIF(B4:B7, "*Manual*") -> 0

Sheet Comms
A1: # | B1: Document | C1: Document Title | D1: Status | E1: Annual Schedule | F1: Effective Date | G1: Due Date | H1: Days left to expiration
A3: CORPORATE COMMUNICATIONS
A4: 1 | B4: Protocol | C4: Communications Protocol | D4: =IF(H4<=0,"Outdated","Up-to-date") -> Outdated | F4: 41283 | G4: =F4+1825 -> 43108 | H4: =G4-TODAY() -> -2702
A5: 2 | B5: Policy | C5: Language Policy | D5: =IF(H5<=0,"Outdated","Up-to-date") -> Outdated | F5: 41254 | G5: =F5+1825 -> 43079 | H5: =G5-TODAY() -> -2731
A6: 3 | B6: Corporate SOP | C6: Media Relations SOP | D6: =IF(H6<=0,"Outdated","Up-to-date") -> Up-to-date | F6: 44677 | G6: =F6+1825 -> 46502 | H6: =G6-TODAY() -> 692
A7: 4 | B7: Corporate SOP | C7: Social Media SOP | D7: =IF(H7<=0,"Outdated","Up-to-date") -> Up-to-date | F7: 45586 | G7: =F7+1825 -> 47411 | H7: =G7-TODAY() -> 1601
A8: 5 | B8: Corporate SOP | C8: Events Management SOP | D8: =IF(H8<=0,"Outdated","Up-to-date") -> Outdated | F8: 43278 | G8: =F8+1825 -> 45103 | H8: =G8-TODAY() -> -707
A9: 6 | B9: Corporate SOP | C9: Trade Exchange SOP | D9: =IF(H9<=0,"Outdated","Up-to-date") -> Up-to-date | F9: 45545 | G9: =F9+1825 -> 47370 | H9: =G9-TODAY() -> 1560
A10: 7 | B10: Corporate SOP | C10: Library Usage SOP | D10: =IF(H10<=0,"Outdated","Up-to-date") -> Outdated | F10: 40491 | G10: =F10+1825 -> 42316 | H10: =G10-TODAY() -> -3494
A11: 8 | B11: Policy | C11: Records Management Policy | D11: =IF(H11<=0,"Outdated","Up-to-date") -> Up-to-date | F11: 45783 | G11: =F11+1825 -> 47608 | H11: =G11-TODAY() -> 1798
B17: Outdated | C17: =COUNTIF(D4:D15, "*Outdated*") -> 4
B18: Up-to-date | C18: =COUNTIF(D4:D15, "*Up-to-date*") -> 4
B19: Strategy | C19: =COUNTIF(B4:B15, "*Strategy*") -> 0
B20: Policy | C20: =COUNTIF(B4:B15, "*Policy*") -> 2
B21: Framework | C21: =COUNTIF(B4:B15, "*Framework*") -> 0
B22: Corporate SOP | C22: =COUNTIF(B4:B15, "*Corporate SOP*") -> 5
B23: Manual | C23: =COUNTIF(B4:B15, "*Manual*") -> 0

Sheet Cult Herit Mangt.
A1: # | B1: Document | C1: Document Title | D1: Status | E1: Annual Schedule | F1: Effective Date | G1: Due Date | H1: Days left to expiration
A3: CSD CULTURAL HERITAGE MANAGEMENT
A4: 1 | B4: Strategy | C4: Cultural Heritage Management Strategy | D4: =IF(H4<=0,"Outdated","Up-to-date") -> Outdated | F4: 43895 | G4: =F4+1825 -> 45720 | H4: =G4-TODAY() -> -90
A5: 2 | B5: Policy | C5: Policy For the Collection and Management of Heritage of Heritage Objects | D5: =IF(H5<=0,"Outdated","Up-to-date") -> Up-to-date | F5: 45664 | G5: =F5+1825 -> 47489 | H5: =G5-TODAY() -> 1679
A6: 3 | B6: Corporate SOP | C6: Development Maintenance and Impact Assessments related to Heritage Resources in Parks SOP | D6: =IF(H6<=0,"Outdated","Up-to-date") -> Up-to-date | F6: 45013 | G6: =F6+1825 -> 46838 | H6: =G6-TODAY() -> 1028
A7: 4 | B7: Policy | C7: Policy for the Conservation, Management and Promotion of Cultural Heritage Resources in SANParks | D7: =IF(H7<=0,"Outdated","Up-to-date") -> Up-to-date | F7: 44348 | G7: =F7+1825 -> 46173 | H7: =G7-TODAY() -> 363
B11: Outdated | C11: =COUNTIF(D4:D9, "*Outdated*") -> 1
B12: Up-to-date | C12: =COUNTIF(D4:D9, "*Up-to-date*") -> 3
B13: Strategy | C13: =COUNTIF(B4:B9, "*Strategy*") -> 1
B14: Policy | C14: =COUNTIF(B4:B9, "*Policy*") -> 2
B15: Framework | C15: =COUNTIF(B4:B9, "*Framework*") -> 0
B16: Corporate SOP | C16: =COUNTIF(B4:B9, "*Corporate SOP*") -> 1
B17: Manual | C17: =COUNTIF(B4:B9, "*Manual*") -> 0

Sheet Finance
A1: # | B1: Document | C1: Document Title | D1: Status | E1: Annual Schedule | F1: Effective Date | G1: Due Date | H1: Days left to expiration
A3: FINANCE
A4: 1 | B4: Policy | C4: Investment Policy | D4: =IF(H4<=0,"Outdated","Up-to-date") -> Outdated | F4: 43221 | G4: =F4+1825 -> 45046 | H4: =G4-TODAY() -> -764
A5: 2 | B5: Policy | C5: SANParks Asset Management Policy August | D5: =IF(H5<=0,"Outdated","Up-to-date") -> Outdated | F5: 43693 | G5: =F5+1825 -> 45518 | H5: =G5-TODAY() -> -292
A6: 3 | B6: Corporate SOP | C6: Fleet Management SOP | D6: =IF(H6<=0,"Outdated","Up-to-date") -> Up-to-date | F6: 44067 | G6: =F6+1825 -> 45892 | H6: =G6-TODAY() -> 82
A7: 4 | B7: Corporate SOP | C7: Assets Management SOP | D7: =IF(H7<=0,"Outdated","Up-to-date") -> Up-to-date | F7: 44629 | G7: =F7+1825 -> 46454 | H7: =G7-TODAY() -> 644
A8: 5 | B8: Corporate SOP | C8: Cash Management SOP | D8: =IF(H8<=0,"Outdated","Up-to-date") -> Up-to-date | F8: 44971 | G8: =F8+1825 -> 46796 | H8: =G8-TODAY() -> 986
A9: 6 | B9: Policy | C9: Finance Policy | D9: =IF(H9<=0,"Outdated","Up-to-date") -> Up-to-date | F9: 44308 | G9: =F9+1825 -> 46133 | H9: =G9-TODAY() -> 323
A10: 7 | B10: Corporate SOP | C10: DEBTORS MANAGEMENT SOP | D10: =IF(H10<=0,"Outdated","Up-to-date") -> Up-to-date | F10: 45370 | G10: =F10+1825 -> 47195 | H10: =G10-TODAY() -> 1385
A11: 8 | B11: Corporate SOP | C11: Inventory Management SOP | D11: =IF(H11<=0,"Outdated","Up-to-date") -> Up-to-date | F11: 45470 | G11: =F11+1825 -> 47295 | H11: =G11-TODAY() -> 1485
B15: Outdated | C15: =COUNTIF(D4:D13, "*Outdated*") -> 2
B16: Up-to-date | C16: =COUNTIF(D4:D13, "*Up-to-date*") -> 6
B17: Strategy | C17: =COUNTIF(B4:B13, "*Strategy*") -> 0
B18: Policy | C18: =COUNTIF(B4:B13, "*Policy*") -> 3
B19: Framework | C19: =COUNTIF(B4:B13, "*Framework*") -> 0
B20: Corporate SOP | C20: =COUNTIF(B4:B13, "*Corporate SOP*") -> 5
B21: Manual | C21: =COUNTIF(B4:B13, "*Manual*") -> 0

Sheet Infra & Special Proj.
A1: # | B1: Document | C1: Document Title | D1: Status | E1: Annual Schedule | F1: Effective Date | G1: Due Date | H1: Days left to expiration
A3: INFRASTRUCTURE AND SPECIAL PROJECTS
A4: 1 | B4: Strategy | C4: SANParks Green Energy Strategy | D4: =IF(H4<=0,"Outdated","Up-to-date") -> Up-to-date | F4: 44651 | G4: =F4+1825 -> 46476 | H4: =G4-TODAY() -> 666
B9: Outdated | C9: =COUNTIF(D4:D7, "*Outdated*") -> 0
B10: Up-to-date | C10: =COUNTIF(D4:D7, "*Up-to-date*") -> 1
B11: Strategy | C11: =COUNTIF(B4:B7, "*Strategy*") -> 1
B12: Policy | C12: =COUNTIF(B4:B7, "*Policy*") -> 0
B13: Framework | C13: =COUNTIF(B4:B7, "*Framework*") -> 0
B14: Corporate SOP | C14: =COUNTIF(B4:B7, "*Corporate SOP*") -> 0
B15: Manual | C15: =COUNTIF(B4:B7, "*Manual*") -> 0

Sheet ICT
A1: # | B1: Document | C1: Document Title | D1: Status | E1: Annual Schedule | F1: Effective Date | G1: Due Date | H1: Days left to expiration
A3: ICT
A4: 1 | B4: Corporate SOP | C4: Procurement of IT Desktop Equipment SOP | D4: =IF(H4<=0,"Outdated","Up-to-date") -> Outdated | F4: 42338 | G4: =F4+1825 -> 44163 | H4: =G4-TODAY() -> -1647
A5: 2 | B5: Corporate SOP | C5: Business Process Managegement SOP | D5: =IF(H5<=0,"Outdated","Up-to-date") -> Outdated | F5: 43031 | G5: =F5+1825 -> 44856 | H5: =G5-TODAY() -> -954
A6: 3 | B6: Corporate SOP | C6: ICT E-Mail Monitoring and Access SOP | D6: =IF(H6<=0,"Outdated","Up-to-date") -> Outdated | F6: 43031 | G6: =F6+1825 -> 44856 | H6: =G6-TODAY() -> -954
A7: 4 | B7: Policy | C7: ICT Corporate Governance Policy | D7: =IF(H7<=0,"Outdated","Up-to-date") -> Up-to-date | F7: 45664 | G7: =F7+1825 -> 47489 | H7: =G7-TODAY() -> 1679
A8: 5 | B8: Corporate SOP | C8: ICT Firewall Management SOP | D8: =IF(H8<=0,"Outdated","Up-to-date") -> Outdated | F8: 43538 | G8: =F8+1825 -> 45363 | H8: =G8-TODAY() -> -447
A9: 6 | B9: Corporate SOP | C9: Back up and Restore SOP | D9: =IF(H9<=0,"Outdated","Up-to-date") -> Up-to-date | F9: 45671 | G9: =F9+1825 -> 47496 | H9: =G9-TODAY() -> 1686
A10: 7 | B10: Policy | C10: Information Communication Technology Security Policy | D10: =IF(H10<=0,"Outdated","Up-to-date") -> Up-to-date | F10: 44329 | G10: =F10+1825 -> 46154 | H10: =G10-TODAY() -> 344
A11: 8 | B11: Policy | C11: Data Governance Policy | D11: =IF(H11<=0,"Outdated","Up-to-date") -> Up-to-date | F11: 44736 | G11: =F11+1825 -> 46561 | H11: =G11-TODAY() -> 751
A12: 9 | B12: Policy | C12: IT Acceptable Usage Policy | D12: =IF(H12<=0,"Outdated","Up-to-date") -> Up-to-date | F12: 44861 | G12: =F12+1825 -> 46686 | H12: =G12-TODAY() -> 876
A13: 10 | B13: Corporate SOP | C13: Access Control and User Management SOP | D13: =IF(H13<=0,"Outdated","Up-to-date") -> Up-to-date | F13: 44903 | G13: =F13+1825 -> 46728 | H13: =G13-TODAY() -> 918
A14: 11 | B14: Strategy | C14: SANParks Digital Transformation Strategy | D14: =IF(H14<=0,"Outdated","Up-to-date") -> Up-to-date | F14: 44903 | G14: =F14+1825 -> 46728 | H14: =G14-TODAY() -> 918
A15: 12 | B15: Corporate SOP | C15: Manage ICT Risks SOP | D15: =IF(H15<=0,"Outdated","Up-to-date") -> Up-to-date | F15: 45644 | G15: =F15+1825 -> 47469 | H15: =G15-TODAY() -> 1659
A16: 13 | B16: Corporate SOP | C16: ICT Programs and Projects SOP | D16: =IF(H16<=0,"Outdated","Up-to-date") -> Up-to-date | F16: 45762 | G16: =F16+1825 -> 47587 | H16: =G16-TODAY() -> 1777
B18: Outdated | C18: =COUNTIF(D4:D16, "*Outdated*") -> 4
B19: Up-to-date | C19: =COUNTIF(D4:D16, "*Up-to-date*") -> 9
B20: Strategy | C20: =COUNTIF(B4:B16, "*Strategy*") -> 1
B21: Policy | C21: =COUNTIF(B4:B16, "*Policy*") -> 4
B22: Framework | C22: =COUNTIF(B4:B16, "*Framework*") -> 0
B23: Corporate SOP | C23: =COUNTIF(B4:B16, "*Corporate SOP*") -> 8
B24: Manual | C24: =COUNTIF(B4:B16, "*Manual*") -> 0

Sheet Legal
A1: # | B1: Document | C1: Document Title | D1: Status | E1: Annual Schedule | F1: Effective Date | G1: Due Date | H1: Days left to expiration
A3: LEGAL SERVICES
A4: 1 | B4: Policy | C4: Intellectual Property Management Policy | D4: =IF(H4<=0,"Outdated","Up-to-date") -> Up-to-date | F4: 44903 | G4: =F4+1825 -> 46728 | H4: =G4-TODAY() -> 918
A5: 2 | B5: Corporate SOP | C5: POPI Act Clean Desk SOP | D5: =IF(H5<=0,"Outdated","Up-to-date") -> Up-to-date | F5: 44515 | G5: =F5+1825 -> 46340 | H5: =G5-TODAY() -> 530
A6: 3 | B6: Corporate SOP | C6: POPI Act Data Breach SOP | D6: =IF(H6<=0,"Outdated","Up-to-date") -> Up-to-date | F6: 44515 | G6: =F6+1825 -> 46340 | H6: =G6-TODAY() -> 530
A7: 4 | B7: Policy | C7: POPI Policy | D7: =IF(H7<=0,"Outdated","Up-to-date") -> Up-to-date | F7: 44706 | G7: =F7+1825 -> 46531 | H7: =G7-TODAY() -> 721
A8: 5 | B8: Manual | C8: PAIA Manual | D8: =IF(H8<=0,"Outdated","Up-to-date") -> Up-to-date | F8: 45375 | G8: =F8+1825 -> 47200 | H8: =G8-TODAY() -> 1390
B16: Outdated | C16: =COUNTIF(D4:D14, "*Outdated*") -> 0
B17: Up-to-date | C17: =COUNTIF(D4:D14, "*Up-to-date*") -> 5
B18: Strategy | C18: =COUNTIF(B4:B14, "*Strategy*") -> 0
B19: Policy | C19: =COUNTIF(B4:B14, "*Policy*") -> 2
B20: Framework | C20: =COUNTIF(B4:B14, "*Framework*") -> 0
B21: Corporate SOP | C21: =COUNTIF(B4:B14, "*Corporate SOP*") -> 2
B22: Manual | C22: =COUNTIF(B4:B14, "*Manual*") -> 1

Sheet Park Pl & Dev.
A1: # | B1: Document | C1: Document Title | D1: Status | E1: Annual Schedule | F1: Effective Date | G1: Due Date | H1: Days left to expiration
A3: CSD PARK PLANNING AND DEVELOPMENT
A4: 1 | B4: Corporate SOP | C4: Acquisition of Land for Inclusion into a National Park | D4: =IF(H4<=0,"Outdated","Up-to-date") -> Up-to-date | F4: 44236 | G4: =F4+1825 -> 46061 | H4: =G4-TODAY() -> 251
A5: 2 | B5: Policy | C5: Land Inclusion Policy | D5: =IF(H5<=0,"Outdated","Up-to-date") -> Up-to-date | F5: 45174 | G5: =F5+1825 -> 46999 | H5: =G5-TODAY() -> 1189
A6: 3 | B6: Framework | C6: Co-ordinated Framework for Management Plans | D6: =IF(H6<=0,"Outdated","Up-to-date") -> Up-to-date | F6: 45244 | G6: =F6+1825 -> 47069 | H6: =G6-TODAY() -> 1259
A7: 4 | B7: Corporate SOP | C7: SOP for the implementation of METT | D7: =IF(H7<=0,"Outdated","Up-to-date") -> Up-to-date | F7: 45747 | G7: =F7+1825 -> 47572 | H7: =G7-TODAY() -> 1762
B10: Outdated | C10: =COUNTIF(D4:D8, "*Outdated*") -> 0
B11: Up-to-date | C11: =COUNTIF(D4:D8, "*Up-to-date*") -> 4
B12: Strategy | C12: =COUNTIF(B4:B8, "*Strategy*") -> 0
B13: Policy | C13: =COUNTIF(B4:B8, "*Policy*") -> 1
B14: Framework | C14: =COUNTIF(B4:B8, "*Framework*") -> 1
B15: Corporate SOP | C15: =COUNTIF(B4:B8, "*Corporate SOP*") -> 2
B16: Manual | C16: =COUNTIF(B4:B8, "*Manual*") -> 0

Sheet Policy Gov.
A1: # | B1: Document | C1: Document Title | D1: Status | E1: Annual Schedule | F1: Effective Date | G1: Due Date | H1: Days left to expiration
A3: POLICY GOVERNANCE
A4: 1 | B4: Policy | C4: SANParks Meta-Policy | D4: =IF(H4<=0,"Outdated","Up-to-date") -> Up-to-date | F4: 44830 | G4: =F4+1825 -> 46655 | H4: =G4-TODAY() -> 845
A5: 2 | B5: Corporate SOP | C5: SANParks Meta-Policy SOP | D5: =IF(H5<=0,"Outdated","Up-to-date") -> Up-to-date | F5: 44956 | G5: =F5+1825 -> 46781 | H5: =G5-TODAY() -> 971
B11: Outdated | C11: =COUNTIF(D4:D9, "*Outdated*") -> 0
B12: Up-to-date | C12: =COUNTIF(D4:D9, "*Up-to-date*") -> 2
B13: Strategy | C13: =COUNTIF(B4:B9, "*Strategy*") -> 0
B14: Policy | C14: =COUNTIF(B4:B9, "*Policy*") -> 1
B15: Framework | C15: =COUNTIF(B4:B9, "*Framework*") -> 0
B16: Corporate SOP | C16: =COUNTIF(B4:B9, "*Corporate SOP*") -> 1
B17: Manual | C17: =COUNTIF(B4:B9, "*Manual*") -> 0

Sheet Resource Mob
A1: # | B1: Document | C1: Document Title | D1: Status | E1: Annual Schedule | F1: Effective Date | G1: Due Date | H1: Days left to expiration
A3: RESOURCE MOBILISATION
A4: 1 | B4: Strategy | C4: Resource Mobilisation Partnerships Strategy | D4: =IF(H4<=0,"Outdated","Up-to-date") -> Up-to-date | F4: 44335 | G4: =F4+1825 -> 46160 | H4: =G4-TODAY() -> 350
A5: 2 | B5: Corporate SOP | C5: Resource Mobilisation and Partnership SOP | D5: =IF(H5<=0,"Outdated","Up-to-date") -> Up-to-date | F5: 45777 | G5: =F5+1825 -> 47602 | H5: =G5-TODAY() -> 1792
A6: 3 | B6: Policy | C6: Resource Mobilisation and Partnerships Policy | D6: =IF(H6<=0,"Outdated","Up-to-date") -> Up-to-date | F6: 44335 | G6: =F6+1825 -> 46160 | H6: =G6-TODAY() -> 350
B10: Outdated | C10: =COUNTIF(D4:D8, "*Outdated*") -> 0
B11: Up-to-date | C11: =COUNTIF(D4:D8, "*Up-to-date*") -> 3
B12: Strategy | C12: =COUNTIF(B4:B8, "*Strategy*") -> 1
B13: Policy | C13: =COUNTIF(B4:B8, "*Policy*") -> 1
B14: Framework | C14: =COUNTIF(B4:B8, "*Framework*") -> 0
B15: Corporate SOP | C15: =COUNTIF(B4:B8, "*Corporate SOP*") -> 1
B16: Manual | C16: =COUNTIF(B4:B8, "*Manual*") -> 0

Sheet Risk Mangt.
A1: # | B1: Document | C1: Document Title | D1: Status | E1: Annual Schedule | F1: Effective Date | G1: Due Date | H1: Days left to expiration
A3: RISK MANAGEMENT
A4: 1 | B4: Protocol | C4: Short-term insurance Protocol | D4: =IF(H4<=0,"Outdated","Up-to-date") -> Outdated | F4: 43875 | G4: =F4+1825 -> 45700 | H4: =G4-TODAY() -> -110
A5: 2 | B5: Strategy | C5: Enterprise Risk Management Strategy | D5: =IF(H5<=0,"Outdated","Up-to-date") -> Outdated | F5: 43949 | G5: =F5+1825 -> 45774 | H5: =G5-TODAY() -> -36
A6: 3 | B6: Protocol | C6: Whistle-Blowing Protocol | D6: =IF(H6<=0,"Outdated","Up-to-date") -> Up-to-date | F6: 44130 | G6: =F6+1825 -> 45955 | H6: =G6-TODAY() -> 145
A7: 4 | B7: Corporate SOP | C7: Forensic Investigations SOP | D7: =IF(H7<=0,"Outdated","Up-to-date") -> Up-to-date | F7: 44130 | G7: =F7+1825 -> 45955 | H7: =G7-TODAY() -> 145
A8: 5 | B8: Framework | C8: Combined Assurance Framework | D8: =IF(H8<=0,"Outdated","Up-to-date") -> Up-to-date | F8: 44287 | G8: =F8+1825 -> 46112 | H8: =G8-TODAY() -> 302
A9: 6 | B9: Strategy | C9: Ethics Governance and Management Strategy | D9: =IF(H9<=0,"Outdated","Up-to-date") -> Up-to-date | F9: 44305 | G9: =F9+1825 -> 46130 | H9: =G9-TODAY() -> 320
A10: 7 | B10: Policy | C10: Ethics Governance and Management Policy | D10: =IF(H10<=0,"Outdated","Up-to-date") -> Up-to-date | F10: 44294 | G10: =F10+1825 -> 46119 | H10: =G10-TODAY() -> 309
A11: 8 | B11: Policy | C11: Business Continuity Policy | D11: =IF(H11<=0,"Outdated","Up-to-date") -> Up-to-date | F11: 44705 | G11: =F11+1825 -> 46530 | H11: =G11-TODAY() -> 720
A12: 9 | B12: Policy | C12: Fraud Prevention Policy | D12: =IF(H12<=0,"Outdated","Up-to-date") -> Up-to-date | F12: 44736 | G12: =F12+1825 -> 46561 | H12: =G12-TODAY() -> 751
A13: 10 | B13: Strategy | C13: Fraud Prevention Strategy | D13: =IF(H13<=0,"Outdated","Up-to-date") -> Up-to-date | F13: 44736 | G13: =F13+1825 -> 46561 | H13: =G13-TODAY() -> 751
A14: 11 | B14: Strategy | C14: SANParks BCM Strategy | D14: =IF(H14<=0,"Outdated","Up-to-date") -> Up-to-date | F14: 44755 | G14: =F14+1825 -> 46580 | H14: =G14-TODAY() -> 770
A15: 12 | B15: Policy | C15: Code of Ethics | D15: =IF(H15<=0,"Outdated","Up-to-date") -> Up-to-date | F15: 45137 | G15: =F15+1825 -> 46962 | H15: =G15-TODAY() -> 1152
... A18: 15 | B18: Policy | C18: Declaration of Interest Policy | D18: =IF(H18<=0,"Outdated","Up-to-date") -> Outdated | F18: 43416 | G18: =F18+1825 -> 45241 | H18: =G18-TODAY() -> -569
B21: Outdated | C21: =COUNTIF(D4:D19, "*Outdated*") -> 3
B22: Up-to-date | C22: =COUNTIF(D4:D19, "*Up-to-date*") -> 12
B23: Strategy | C23: =COUNTIF(B4:B19, "*Strategy*") -> 4
B24: Policy | C24: =COUNTIF(B4:B19, "*Policy*") -> 6
B25: Framework | C25: =COUNTIF(B4:B19, "*Framework*") -> 2
B26: Corporate SOP | C26: =COUNTIF(B4:B19, "*Corporate SOP*") -> 1
B27: Manual | C27: =COUNTIF(B4:B19, "*Manual*") -> 0

Sheet Research & Dev
A1: # | B1: Document | C1: Document Title | D1: Status | E1: Annual Schedule | F1: Effective Date | G1: Due Date | H1: Days left to expiration
A3: CSD RESEARCH DEVELOPMENT
A4: 1 | B4: Corporate SOP | C4: Monotoring,Capturing and Sampling Nile Crocodiles SOP | D4: =IF(H4<=0,"Outdated","Up-to-date") -> Up-to-date | F4: 44279 | G4: =F4+1825 -> 46104 | H4: =G4-TODAY() -> 294
A5: 2 | B5: Corporate SOP | C5: SOP for Capture and Scientific Manipulation of Fish | D5: =IF(H5<=0,"Outdated","Up-to-date") -> Up-to-date | F5: 44413 | G5: =F5+1825 -> 46238 | H5: =G5-TODAY() -> 428
A6: 3 | B6: Corporate SOP | C6: Lethal Management of Wildlife SOP | D6: =IF(H6<=0,"Outdated","Up-to-date") -> Up-to-date | F6: 44413 | G6: =F6+1825 -> 46238 | H6: =G6-TODAY() -> 428
A7: 4 | B7: Policy | C7: Indigenous Invertebrate Outbreak Policy | D7: =IF(H7<=0,"Outdated","Up-to-date") -> Up-to-date | F7: 44570 | G7: =F7+1825 -> 46395 | H7: =G7-TODAY() -> 585
A8: 5 | B8: Strategy | C8: Rhinoceros Conservation Strategy | D8: =IF(H8<=0,"Outdated","Up-to-date") -> Up-to-date | F8: 44570 | G8: =F8+1825 -> 46395 | H8: =G8-TODAY() -> 585
A9: 6 | B9: Strategy | C9: SANParks Research Strategy | D9: =IF(H9<=0,"Outdated","Up-to-date") -> Outdated | F9: 43857 | G9: =F9+1825 -> 45682 | H9: =G9-TODAY() -> -128
A10: 7 | B10: Corporate SOP | C10: Research Project Registration SOP | D10: =IF(H10<=0,"Outdated","Up-to-date") -> Up-to-date | F10: 44413 | G10: =F10+1825 -> 46238 | H10: =G10-TODAY() -> 428
A11: 8 | B11: Corporate SOP | C11: Managing Honeybee Colonies and Beekeeping in SANParks | D11: =IF(H11<=0,"Outdated","Up-to-date") -> Up-to-date | F11: 44725 | G11: =F11+1825 -> 46550 | H11: =G11-TODAY() -> 740
A12: 9 | B12: Corporate SOP | C12: Conducting aerial survyes SOP | D12: =IF(H12<=0,"Outdated","Up-to-date") -> Up-to-date | F12: 44294 | G12: =F12+1825 -> 46119 | H12: =G12-TODAY() -> 309
A13: 10 | B13: Policy | C13: Consumptive Use of Renewable and Non-renewable Natural Resources Policy | D13: =IF(H13<=0,"Outdated","Up-to-date") -> Outdated | F13: 43612 | G13: =F13+1825 -> 45437 | H13: =G13-TODAY() -> -373
A14: 11 | B14: Corporate SOP | C14: Carnivore and Predator Management SOP | D14: =IF(H14<=0,"Outdated","Up-to-date") -> Up-to-date | F14: 44279 | G14: =F14+1825 -> 46104 | H14: =G14-TODAY() -> 294
A15: 12 | B15: Framework | C15: Land Degration and Restoration Framework | D15: =IF(H15<=0,"Outdated","Up-to-date") -> Outdated | F15: 43657 | G15: =F15+1825 -> 45482 | H15: =G15-TODAY() -> -328
A16: 13 | B16: Strategy | C16: Climate Change Preparedness Strategy | D16: =IF(H16<=0,"Outdated","Up-to-date") -> Up-to-date | F16: 45209 | G16: =F16+1825 -> 47034 | H16: =G16-TODAY() -> 1224
B19: Outdated | C19: =COUNTIF(D4:D18, "*Outdated*") -> 3
B20: Up-to-date | C20: =COUNTIF(D4:D18, "*Up-to-date*") -> 10
B21: Strategy | C21: =COUNTIF(B4:B18, "*Strategy*") -> 3
B22: Policy | C22: =COUNTIF(B4:B18, "*Policy*") -> 2
B23: Framework | C23: =COUNTIF(B4:B18, "*Framework*") -> 1
B24: Corporate SOP | C24: =COUNTIF(B4:B18, "*Corporate SOP*") -> 7
B25: Manual | C25: =COUNTIF(B4:B18, "*Manual*") -> 0

Sheet SCM
A1: # | B1: Document | C1: Document Title | D1: Status | E1: Annual Schedule | F1: Effective Date | G1: Due Date | H1: Days left to expiration
A3: SUPPLY CHAIN MANAGEMENT
A4: 1 | B4: Policy | C4: SCM Policy | D4: =IF(H4<=0,"Outdated","Up-to-date") -> Up-to-date | F4: 44945 | G4: =F4+1825 -> 46770 | H4: =G4-TODAY() -> 960
A5: 2 | B5: Corporate SOP | C5: Supply Chain Management SOP | D5: =IF(H5<=0,"Outdated","Up-to-date") -> Up-to-date | F5: 45355 | G5: =F5+1825 -> 47180 | H5: =G5-TODAY() -> 1370
B10: Outdated | C10: =COUNTIF(D4:D8, "*Outdated*") -> 0
B11: Up-to-date | C11: =COUNTIF(D4:D8, "*Up-to-date*") -> 2
B12: Strategy | C12: =COUNTIF(B4:B8, "*Strategy*") -> 0
B13: Policy | C13: =COUNTIF(B4:B8, "*Policy*") -> 1
B14: Framework | C14: =COUNTIF(B4:B8, "*Framework*") -> 0
B15: Corporate SOP | C15: =COUNTIF(B4:B8, "*Corporate SOP*") -> 1
B16: Manual | C16: =COUNTIF(B4:B8, "*Manual*") -> 0

Sheet Socio-E Trans.
A1: # | B1: Document | C1: Document Title | D1: Status | E1: Annual Schedule | F1: Effective Date | G1: Due Date | H1: Days left to expiration
A3: SOCIO-ECONOMIC TRANSFORMATION
A4: 1 | B4: Strategy | C4: Socio-economic Development Strategy 2017.pdf | D4: =IF(H4<=0,"Outdated","Up-to-date") -> Outdated | F4: 42965 | G4: =F4+1825 -> 44790 | H4: =G4-TODAY() -> -1020
A5: 2 | B5: Policy | C5: Donations and Sponsorship Policy | D5: =IF(H5<=0,"Outdated","Up-to-date") -> Up-to-date | F5: 44644 | G5: =F5+1825 -> 46469 | H5: =G5-TODAY() -> 659
A6: 3 | B6: Corporate SOP | C6: Donations and Sponsorship SOP -2022.pdf | D6: =IF(H6<=0,"Outdated","Up-to-date") -> Up-to-date | F6: 44644 | G6: =F6+1825 -> 46469 | H6: =G6-TODAY() -> 659
B9: Outdated | C9: =COUNTIF(D4:D7, "*Outdated*") -> 1
B10: Up-to-date | C10: =COUNTIF(D4:D7, "*Up-to-date*") -> 2
B11: Strategy | C11: =COUNTIF(B4:B7, "*Strategy*") -> 1
B12: Policy | C12: =COUNTIF(B4:B7, "*Policy*") -> 1
B13: Framework | C13: =COUNTIF(B4:B7, "*Framework*") -> 0
B14: Corporate SOP | C14: =COUNTIF(B4:B7, "*Corporate SOP*") -> 1
B15: Manual | C15: =COUNTIF(B4:B7, "*Manual*") -> 0

Sheet Tourism&Market.
A1: # | B1: Document | C1: Document Title | D1: Status | E1: Annual Schedule | F1: Effective Date | G1: Due Date | H1: Days left to expiration
A3: TOURISM AND MARKENTING
A4: 1 | B4: Corporate SOP | C4: House Keeping SOP | D4: =IF(H4<=0,"Outdated","Up-to-date") -> Up-to-date | F4: 44279 | G4: =F4+1825 -> 46104 | H4: =G4-TODAY() -> 294
A5: 2 | B5: Corporate SOP | C5: Refunds SOP | D5: =IF(H5<=0,"Outdated","Up-to-date") -> Up-to-date | F5: 44998 | G5: =F5+1825 -> 46823 | H5: =G5-TODAY() -> 1013
A6: 3 | B6: Corporate SOP | C6: Withdrawal of non-compliant accommodation facilities SOP | D6: =IF(H6<=0,"Outdated","Up-to-date") -> Up-to-date | F6: 45029 | G6: =F6+1825 -> 46854 | H6: =G6-TODAY() -> 1044
A7: 4 | B7: Policy | C7: Tourism Permit Management EXTENDED | D7: =IF(H7<=0,"Outdated","Up-to-date") -> Outdated | F7: 42005 | G7: =F7+1825 -> 43830 | H7: =G7-TODAY() -> -1980
A8: 5 | B8: Procedure-Manual | C8: Restaurant and Retail Public Private partnership Program | D8: =IF(H8<=0,"Outdated","Up-to-date") -> Outdated | F8: 42497 | G8: =F8+1825 -> 44322 | H8: =G8-TODAY() -> -1488
A9: 6 | B9: Corporate SOP | C9: Product Development Prioritisation SOP | D9: =IF(H9<=0,"Outdated","Up-to-date") -> Outdated | F9: 43278 | G9: =F9+1825 -> 45103 | H9: =G9-TODAY() -> -707
A10: 7 | B10: Corporate SOP | C10: Front Office - Cash Handling SOP | D10: =IF(H10<=0,"Outdated","Up-to-date") -> Up-to-date | F10: 44279 | G10: =F10+1825 -> 46104 | H10: =G10-TODAY() -> 294
A11: 8 | B11: Corporate SOP | C11: FrontT Office - General Duties SOP | D11: =IF(H11<=0,"Outdated","Up-to-date") -> Up-to-date | F11: 44279 | G11: =F11+1825 -> 46104 | H11: =G11-TODAY() -> 294
A12: 9 | B12: Corporate SOP | C12: SOP - Preparation of Monthly, Quarterly and Annual Tourism Statistics | D12: =IF(H12<=0,"Outdated","Up-to-date") -> Up-to-date | F12: 44677 | G12: =F12+1825 -> 46502 | H12: =G12-TODAY() -> 692
A13: 10 | B13: Corporate SOP | C13: SOP-Customer Care | D13: =IF(H13<=0,"Outdated","Up-to-date") -> Up-to-date | F13: 44677 | G13: =F13+1825 -> 46502 | H13: =G13-TODAY() -> 692
A14: 11 | B14: Corporate SOP | C14: SOP-The process (Guideline) to Develop, Review and Quality assurance Assessment of Tourism Standards | D14: =IF(H14<=0,"Outdated","Up-to-date") -> Up-to-date | F14: 44677 | G14: =F14+1825 -> 46502 | H14: =G14-TODAY() -> 692
A15: 12 | B15: Corporate SOP | C15: SOP-Tourism Pricing and Yielding | D15: =IF(H15<=0,"Outdated","Up-to-date") -> Up-to-date | F15: 44677 | G15: =F15+1825 -> 46502 | H15: =G15-TODAY() -> 692
... A18: 15 | B18: Framework | C18: Loyalty Framework | D18: =IF(H18<=0,"Outdated","Up-to-date") -> Up-to-date | F18: 45734 | G18: =F18+1825 -> 47559 | H18: =G18-TODAY() -> 1749
B20: Outdated | C20: =COUNTIF(D4:D18, "*Outdated*") -> 3
B21: Up-to-date | C21: =COUNTIF(D4:D18, "*Up-to-date*") -> 12
B22: Strategy | C22: =COUNTIF(B4:B18, "*Strategy*") -> 0
B23: Policy | C23: =COUNTIF(B4:B18, "*Policy*") -> 1
B24: Framework | C24: =COUNTIF(B4:B18, "*Framework*") -> 1
B25: Corporate SOP | C25: =COUNTIF(B4:B18, "*Corporate SOP*") -> 12
B26: Manual | C26: =COUNTIF(B4:B18, "*Manual*") -> 1

Sheet V W Services
A1: # | B1: Document | C1: Document Title | D1: Status | E1: Annual Schedule | F1: Effective Date | G1: Due Date | H1: Days left to expiration
A3: CSD VETERINARY WILDLIFE SERVICES
A4: 1 | B4: Corporate SOP | C4: SOP for the Capture, Transport and Maintenance in Holding Facilities of Wildlife | D4: =IF(H4<=0,"Outdated","Up-to-date") -> Up-to-date | F4: 44834 | G4: =F4+1825 -> 46659 | H4: =G4-TODAY() -> 849
A5: 2 | B5: Corporate SOP | C5: SOP for Fitment of Tracking Devices and Marking of Wildlife | D5: =IF(H5<=0,"Outdated","Up-to-date") -> Up-to-date | F5: 44834 | G5: =F5+1825 -> 46659 | H5: =G5-TODAY() -> 849
A6: 3 | B6: Corporate SOP | C6: SOP - Management of Biological Samples at SANParks Biobank | D6: =IF(H6<=0,"Outdated","Up-to-date") -> Up-to-date | F6: 45029 | G6: =F6+1825 -> 46854 | H6: =G6-TODAY() -> 1044
A7: 4 | B7: Strategy | C7: Wildlife Utilization Strategy | D7: =IF(H7<=0,"Outdated","Up-to-date") -> Outdated | F7: 42957 | G7: =F7+1825 -> 44782 | H7: =G7-TODAY() -> -1028
A8: 5 | B8: Framework | C8: Wildlife Monitoring and Evaluation Framework | D8: =IF(H8<=0,"Outdated","Up-to-date") -> Outdated | F8: 43657 | G8: =F8+1825 -> 45482 | H8: =G8-TODAY() -> -328
A9: 6 | B9: Policy | C9: Integrated Wildlife Management Policy | D9: =IF(H9<=0,"Outdated","Up-to-date") -> Up-to-date | F9: 44167 | G9: =F9+1825 -> 45992 | H9: =G9-TODAY() -> 182
B11: Outdated | C11: =COUNTIF(D4:D10, "*Outdated*") -> 2
B12: Up-to-date | C12: =COUNTIF(D4:D10, "*Up-to-date*") -> 4
B13: Strategy | C13: =COUNTIF(B4:B10, "*Strategy*") -> 1
B14: Policy | C14: =COUNTIF(B4:B10, "*Policy*") -> 1
B15: Framework | C15: =COUNTIF(B4:B10, "*Framework*") -> 1
B16: Corporate SOP | C16: =COUNTIF(B4:B10, "*Corporate SOP*") -> 3
B17: Manual | C17: =COUNTIF(B4:B10, "*Manual*") -> 0

Sheet Visitor Services
A1: # | B1: Document | C1: Document Title | D1: Status | E1: Annual Schedule | F1: Effective Date | G1: Due Date | H1: Days left to expiration
A3: VISITOR SERVICES
A4: 1 | B4: Corporate SOP | C4: Universal Access in Tourism SOP | D4: =IF(H4<=0,"Outdated","Up-to-date") -> Up-to-date | F4: 44677 | G4: =F4+1825 -> 46502 | H4: =G4-TODAY() -> 692
A5: 2 | B5: Corporate SOP | C5: Visitor Interpretation SOP | D5: =IF(H5<=0,"Outdated","Up-to-date") -> Up-to-date | F5: 44677 | G5: =F5+1825 -> 46502 | H5: =G5-TODAY() -> 692
A6: 3 | B6: Corporate SOP | C6: Visitor Management SOP | D6: =IF(H6<=0,"Outdated","Up-to-date") -> Up-to-date | F6: 44677 | G6: =F6+1825 -> 46502 | H6: =G6-TODAY() -> 692
B10: Outdated | C10: =COUNTIF(D4:D8, "*Outdated*") -> 0
B11: Up-to-date | C11: =COUNTIF(D4:D8, "*Up-to-date*") -> 3
B12: Strategy | C12: =COUNTIF(B4:B8, "*Strategy*") -> 0
B13: Policy | C13: =COUNTIF(B4:B8, "*Policy*") -> 0
B14: Framework | C14: =COUNTIF(B4:B8, "*Framework*") -> 0
B15: Corporate SOP | C15: =COUNTIF(B4:B8, "*Corporate SOP*") -> 3
B16: Manual | C16: =COUNTIF(B4:B8, "*Manual*") -> 0

Sheet Internal Audit
A1: # | B1: Document | C1: Document Title | D1: Status | E1: Annual Schedule | F1: Effective Date | G1: Due Date | H1: Days left to expiration
A3: INTERNAL AUDIT
A4: 1 | B4: Corporate SOP | C4: Internal Audit SOP | D4: =IF(H4<=0,"Outdated","Up-to-date") -> Up-to-date | F4: 44445 | G4: =F4+1825 -> 46270 | H4: =G4-TODAY() -> 460
A5: 2 | B5: Corporate SOP | C5: Methodology Internal Audit | D5: =IF(H5<=0,"Outdated","Up-to-date") -> Up-to-date | F5: 44445 | G5: =F5+1825 -> 46270 | H5: =G5-TODAY() -> 460
B9: Outdated | C9: =COUNTIF(D4:D7, "*Outdated*") -> 0
B10: Up-to-date | C10: =COUNTIF(D4:D7, "*Up-to-date*") -> 2
B11: Strategy | C11: =COUNTIF(B4:B7, "*Strategy*") -> 0
B12: Policy | C12: =COUNTIF(B4:B7, "*Policy*") -> 0
B13: Framework | C13: =COUNTIF(B4:B7, "*Framework*") -> 0
B14: Corporate SOP | C14: =COUNTIF(B4:B7, "*Corporate SOP*") -> 2
B15: Manual | C15: =COUNTIF(B4:B7, "*Manual*") -> 0

Sheet CSD
A1: # | B1: Document | C1: Document Title | D1: Status | E1: Annual Schedule | F1: Effective Date | G1: Due Date | H1: Days left to expiration
A3: CSD RESEARCH DEVELOPMENT
A4: 1 | B4: Corporate SOP | C4: Park Development Fund SOP | D4: =IF(H4<=0,"Outdated","Up-to-date") -> Up-to-date | F4: 44285 | G4: =F4+1825 -> 46110 | H4: =G4-TODAY() -> 300
A5: 2 | B5: Corporate SOP | C5: Elephant Ivory Fund SOP | D5: =IF(H5<=0,"Outdated","Up-to-date") -> Up-to-date | F5: 44284 | G5: =F5+1825 -> 46109 | H5: =G5-TODAY() -> 299
A6: 3 | B6: Strategy | C6: SANParks Africa Strategy | D6: =IF(H6<=0,"Outdated","Up-to-date") -> Up-to-date | F6: 44522 | G6: =F6+1825 -> 46347 | H6: =G6-TODAY() -> 537
B14: Outdated | C14: =COUNTIF(D4:D12, "*Outdated*") -> 0
B15: Up-to-date | C15: =COUNTIF(D4:D12, "*Up-to-date*") -> 3
B16: Strategy | C16: =COUNTIF(B4:B12, "*Strategy*") -> 1
B17: Policy | C17: =COUNTIF(B4:B12, "*Policy*") -> 0
B18: Framework | C18: =COUNTIF(B4:B12, "*Framework*") -> 0
B19: Corporate SOP | C19: =COUNTIF(B4:B12, "*Corporate SOP*") -> 2
B20: Manual | C20: =COUNTIF(B4:B12, "*Manual*") -> 0
